 Dungeon Crawl Stone Soup version 0.26.1-11-gd32895ea62 (webtiles) character file.

Game seed: 3210378608509212752

68 DildoBatman the Conjurer (level 4, -7/30 HPs)
             Began as a Formicid Conjurer on July 20, 2021.
             Mangled by a worker ant (8 damage)
             ... on level 4 of the Dungeon.
             The game lasted 00:04:59 (1103 turns).

DildoBatman the Conjurer (Formicid Conjurer)        Turns: 1103, Time: 00:04:59

Health: -7/30      AC:  2    Str: 12    XL:     4   Next: 41%
Magic:  5/7        EV: 12    Int: 17    God:
Gold:   67         SH:  0    Dex: 10    Spells: 4/7 levels left

rFire    . . .     SeeInvis +   b - +0 hunting sling
rCold    . . .     Faith    .   (no shield)
rNeg     . . .     Spirit   .   n - +0 robe
rPois    +         Reflect  .   (helmet unavailable)
rElec    .         Harm     .   (no cloak)
rCorr    .         Rampage  .   (no gloves)
Will     .....                  (no boots)
Stlth    ++........             (no amulet)
HPRegen  0.10/turn              A - ring of poison resistance
MPRegen  0.10/turn              (no ring)

@: no status effects
A: permanent stasis, dig shafts and tunnels, four strong arms, antennae 3
a: Dig, Shaft Self


You were on level 4 of the Dungeon.
You visited 1 branch of the dungeon, and saw 3 of its levels.

You collected 67 gold pieces.

Inventory:

Hand Weapons
 a - a +0 mace of draining
 b - a +0 hunting sling (weapon)
Missiles
 c - 24 arrows
 d - 66 stones (quivered ammo)
 e - 26 bolts
 i - 5 curare-tipped darts
Armour
 n - a +0 robe (worn)
Jewellery
 A - a ring of poison resistance (left hand)
Scrolls
 f - a scroll of identify {unknown}
 j - a scroll of fog {unknown}
 k - a scroll of immolation {unknown}
 l - a scroll of amnesia {unknown}
 o - a scroll of blinking {unknown}
 q - a scroll of enchant weapon {unknown}
 r - a scroll of fear {unknown}
Potions
 g - 3 potions of curing {unknown}
 h - a potion of lignification {unknown}
 m - 2 potions of flight {unknown}
 p - 2 potions of heal wounds {unknown}


   Skills:
 - Level 1.7 Dodging
 - Level 2.4 Stealth
 - Level 2.1 Spellcasting
 * Level 5.1 Conjurations


You had 4 spell levels left.
You knew the following spells:

 Your Spells              Type           Power        Failure   Level
a - Searing Ray           Conj           38%          3%          2
c - Magic Dart            Conj           76%          2%          1

Your spell library contained the following spells:

 Spells                   Type           Power        Failure   Level
 Dazzling Flash           Conj/Hex       20%          21%         3
 Fulminant Prism          Conj/Hex       5%           54%         4
 Iskenderun's Mystic Bla  Conj/Tloc      10%          54%         4


Dungeon Overview and Level Annotations

Branches:
Dungeon (2/15)

Altars:


Innate Abilities, Weirdness & Mutations

You cannot be hasted, slowed, berserked, paralysed or teleported.
You can dig through walls and to a lower floor.
Your four strong arms can wield two-handed weapons with a shield.
You have a pair of large antennae on your head. (SInv)


Message History

What are your orders? t - Shout!
Orders for allies: a - Attack new target. r - Retreat! s - Stop attacking. g - Guard the area. f - Follow me.
Anything else - Cancel.
You shout for attention!
The worker ant bites you!
The worker ant bites you but does no damage.
The worker ant barely misses you. What are your orders? t - Shout!
Orders for allies: a - Attack new target. r - Retreat! s - Stop attacking. g - Guard the area. f - Follow me.
Anything else - Cancel.
You shout for attention!
The worker ant bites you. The worker ant bites you!
You die...

#. ######..
#.# ....#.#
#.# #...# #.#
##...# #.#
####..#.. #.#
##....###.
###.####..####
#.
###.....†..##
#.
#.@....#####
.. #B#B#### .#
...#.# ..
##....# ###
...... #
..####. ...
... ## . ####


You could see 2 worker ants.

Vanquished Creatures
  A worker ant (D:4)
  An adder (D:2)
  2 worms (D:2)
  A dart slug (D:1)
  3 bats
  2 giant cockroaches (D:1)
  5 goblins
  2 hobgoblins (D:2)
  A quokka (D:4)
  2 ball pythons
  2 frilled lizards (D:2)
  3 kobolds (D:2)
  4 rats
  A toadstool (D:1)
30 creatures vanquished.

Vanquished Creatures (others)
  4 toadstools (D:1)
4 creatures vanquished.

Grand Total: 34 creatures vanquished

Notes
Turn   | Place    | Note
-------+----------+-------------------------------------------
     0 | D:1      | DildoBatman the Formicid Conjurer began the quest for the
                  | Orb.
     0 | D:1      | Reached XP level 1. HP: 13/13 MP: 3/3
   220 | D:1      | Reached XP level 2. HP: 19/19 MP: 3/5
   223 | D:1      | Learned a level 2 spell: Searing Ray
   255 | D:1      | Reached skill level 4 in Conjurations
   492 | D:1      | You fall into a shaft and drop 1 floor!
   609 | D:2      | Reached XP level 3. HP: 21/24 MP: 6/6
  1005 | D:2      | You fall into a shaft and drop 2 floors!
  1076 | D:4      | Reached skill level 5 in Conjurations
  1076 | D:4      | Reached XP level 4. HP: 30/30 MP: 2/7
  1103 | D:4      | HP: 1/30 [worker ant (3)]
  1103 | D:4      | Mangled by a worker ant

Illustrated notes

Levels and vault maps discovered:
D:1:      ldierk_walled_garden, layout_rooms, minmay_pentomino_r2
D:2:      layout_loops_corners, grunt_dithmenos_smoke
D:4:      layout_rooms, lemuel_doored_altar, uniq_natasha

Skill      XL: |  1  2  3 |
---------------+----------+-----
Conjurations   | 4 5 |  5.1
Dodging        | |  1.7
Stealth        | |  2.4
Spellcasting   | |  2.1

Action                   |  1- 3 |  4- 6 || total
-------------------------+-------+-------++-------
Melee: Unarmed           |     7 |       ||     7
       Mace              |     7 |       ||     7
 Fire: Hunting sling     |    29 |       ||    29
 Cast: Magic Dart        |    16 |       ||    16
       Searing Ray       |    11 |       ||    11
 Stab: Sleeping          |     1 |       ||     1
Armor: Robe              |     1 |     1 ||     2
Dodge: Dodged            |    13 |    14 ||    27
